[Event "MČR juniorů a juniorek v rapid šachu 2024"]
[Site "Hotel Fit Fun, Harrachov, Czech Republic"]
[Date "2024.09.21"]
[Round "1.1"]
[White "Jun Rudolf"]
[Black "Stastna Martina"]
[Result "0-1"]
[TimeControl "20+5"]
[WhiteFideId "376612"]
[BlackFideId "385123"]
[WhiteElo "2142"]
[BlackElo "1801"]

1. c4 e6 2. g3 Nf6 3. Bg2 d5 4. cxd5 exd5 5. d4 c6 6. Nc3 Bb4 7. Bd2 a5 8. Nf3 O-O 9. O-O Re8 10.
Ne5 Nbd7 11. Nd3 Bd6 12. Re1 Ne4 13. Bc1 Nxc3 14. bxc3 b5 15. e4 dxe4 16. Bxe4 Bb7 17. Bf4 Bxf4 18.
Nxf4 Nf6 19. Bg2 Qc7 20. Qd2 Rad8 21. Nd3 Nd5 22. Nc5 Bc8 23. Qd3 Qd6 24. a3 g6 25. Qd2 Kg7 26. h4 Nf6 27.
Rxe8 Rxe8 28. Re1 Be6 29. Qg5 Bd5 30. Rxe8 Nxe8 31. Bxd5 cxd5 32. Qe5+ Qxe5 33. dxe5 Nc7 34. Nb7 a4 35. f4 f6 36. Kf2 fxe5 37.
fxe5 Kf7 38. Ke3 Ke6 39. Kf4 Na6 40.
Nd6 Nc5 41. Nxb5 Nd3+ 42. Kg5 Nxe5 43. Nd4+ Kf7 44. Kh6 Kg8 45. Kg5 Kf7 46. Kh6 Kg8 47. h5 Nf7# 0-1



[ePGN "0.1;DGT LiveChess/2.2.6"]

[Event "MČR juniorů a juniorek v rapid šachu 2024"]
[Site "Hotel Fit Fun, Harrachov, Czech Republic"]
[Date "2024.09.21"]
[Round "1.10"]
[White "Fousek Petr"]
[Black "Lihotsky Lukas"]
[Result "0-1"]
[TimeControl "20+5"]
[WhiteFideId "23736003"]
[BlackFideId "23727004"]
[WhiteElo "1731"]
[BlackElo "1975"]

1. e4 c6 2. d4 d5 3. e5 Bf5 4. h4 h5 5. Bd3 Bxd3 6.
Qxd3 Qa5+ 7. c3 e6 8. b4 Qa6 9.
Qxa6 Nxa6 10. Nf3 Nb8 11. a4 Nd7 12. O-O f6 13. Re1 Kf7 14. Nbd2 Ne7 15. Nb3 b6 16. a5 b5 17. a6 Ng6 18.
g3 Be7 19. Na5 Rac8 20. Bd2 Bd8 21. Nb7 Bc7 22. Bf4 Rce8 23. exf6 Nxf4 24. fxg7 Rhg8 25. gxf4 Bxf4 26. Kh1 Rxg7 27.
Ne5+ Bxe5 28. dxe5 Reg8 29. Re3 Ke7 30. Rae1 Rg4 31. Kh2 Rxh4+ 32. Rh3 Rxh3+ 33. Kxh3 Rg4 34. f3 Rc4 35. Re3 d4 36. cxd4 Rxd4 37. Re4 Rxe4 38. fxe4 Nxe5 39.
Nc5 Kd6 40. Kh4 Nd7 0-1



[ePGN "0.1;DGT LiveChess/2.2.6"]

[Event "MČR juniorů a juniorek v rapid šachu 2024"]
[Site "Hotel Fit Fun, Harrachov, Czech Republic"]
[Date "2024.09.21"]
[Round "1.11"]
[White "Bezdek Tomas"]
[Black "Boff Vojtech"]
[Result "1/2-1/2"]
[TimeControl "20+5"]
[WhiteFideId "23733551"]
[BlackFideId "23733969"]
[WhiteElo "1973"]
[BlackElo "1719"]

1. d4 Nf6 2. c4 e6 3. g3 d5 4.
Bg2 c6 5. Nf3 Be7 6. O-O O-O 7. b3 Nbd7 8. Nc3 b6 9. Nd2 Bb7 10. e4 dxe4 11. Ndxe4 Nxe4 12. Nxe4 Nf6 13. Bb2 Nxe4 14. Bxe4 Bf6 15.
Qd3 g6 16. Rad1 Qe7 17. Qf3 Rac8 18. Rfe1 Rfd8 19. h4 h5 20. Rd3 Rd7 21. Red1 Bg7 22. Qe2 Rcd8 23. Bg2 Qf8 24. g4 hxg4 25.
Qxg4 Qe7 26. h5 gxh5 27. Qxh5 Qf6 28. Rg3 Kf8 29. Rdd3 Qh6 30. Qg4 f5 31. Qe2 Bxd4 32. Rh3 Qf6 33.
Ba3+ c5 34. Bxb7 Rxb7 35. Rdg3 Rg7 36. Rxg7 Qxg7+ 37. Kf1 Kf7 38. Qf3 Rd7 39. Bc1 Be5 40. Bh6 Qg4 41. Qxg4 fxg4 42. Re3 Bf6 43. Re4 Rd4 44. Re2 e5 45. Kg2 Kg6 46. Be3 Re4 47. Rd2 Bg5 48. Rd6+ Kf5 49. Bxg5 Kxg5 50. Rd7 a5 51. Rd6 Re2 52. a4 e4 53.
Kf1 Rb2 54. Rxb6 Kf4 55. Rf6+ Ke5 56. Rc6 Kd4 57. Rb6 Kc3 58. Rb5 Rxb3 59. Rxc5 Rb4 60. Rxa5 Kxc4 61. Ra8 Rb1+ 62. Kg2 Ra1 63.
Kg3 Ra2 64. a5 Kb5 65. a6 Kb6 66. Re8 Re2 67.
Re6+ Ka7 68. Rf6 e3 69. fxe3 Rxe3+ 70. Kxg4 Ra3 1/2-1/2



[ePGN "0.1;DGT LiveChess/2.2.6"]

[Event "MČR juniorů a juniorek v rapid šachu 2024"]
[Site "Hotel Fit Fun, Harrachov, Czech Republic"]
[Date "2024.09.21"]
[Round "1.12"]
[White "Tichy Richard"]
[Black "Rousek Jan"]
[Result "0-1"]
[TimeControl "20+5"]
[WhiteFideId "23727063"]
[BlackFideId "386669"]
[WhiteElo "1698"]
[BlackElo "1958"]

1. Nf3 c5 2. c4 Nf6 3. g3 g6 4. Bg2 Bg7 5. d4 cxd4 6. Nxd4 Nc6 7. Be3 Ng4 8. O-O Nxe3 9. fxe3 O-O 10.
Qd2 Qb6 11. Rd1 Bh6 12. Qc3 Bg7 13. c5 Qc7 14. Na3 Nxd4 15. exd4 d6 16. Nb5 Qd7 17. c6 Qf5 18. cxb7 Bxb7 19.
Bxb7 Rab8 20. e4 Qxb5 21. Bc6 Qxb2 22. Qxb2 Rxb2 23. a4 Rb4 0-1



[ePGN "0.1;DGT LiveChess/2.2.6"]

[Event "MČR juniorů a juniorek v rapid šachu 2024"]
[Site "Hotel Fit Fun, Harrachov, Czech Republic"]
[Date "2024.09.21"]
[Round "1.13"]
[White "Slaby Matej"]
[Black "Nespora Tatana"]
[Result "1/2-1/2"]
[TimeControl "20+5"]
[WhiteFideId "23734876"]
[BlackFideId "392286"]
[WhiteElo "1948"]
[BlackElo "1697"]

1. d4 Nf6 2. Nf3 g6 3. Nbd2 Bg7 4. e4 d6 5. Bd3 O-O 6. O-O e5 7. c3 Nc6 8. h3 Nh5 9. dxe5 Nxe5 10.
Nxe5 Bxe5 11. Nf3 Bf4 12. Bc4 Qf6 13. Qd4 Qe7 14. Re1 c5 15. Qd3 Re8 16. Bb5 Be6 17. Bxf4 Nxf4 18. Qe3 g5 19.
h4 h6 20. hxg5 hxg5 21. Bxe8 Rxe8 22.
e5 d5 23. g3 Nh3+ 24. Kg2 g4 25. Nh4 Kg7 26. f3 gxf3+ 27. Qxf3 Rg8 28. Qf6+ Qxf6 29. exf6+ Kxf6 30. Rxe6+ fxe6 31. Kxh3 e5 32. Rf1+ Ke6 33. g4 e4 34. Ng2 d4 35. Re1 Ke5 36. Kg3 e3 37. Nxe3 dxe3 38. Rxe3+ Kd6 39. Rd3+ Kc6 40.
c4 Re8 41. g5 Re2 42. g6 Re6 1/2-1/2



[ePGN "0.1;DGT LiveChess/2.2.6"]

[Event "MČR juniorů a juniorek v rapid šachu 2024"]
[Site "Hotel Fit Fun, Harrachov, Czech Republic"]
[Date "2024.09.21"]
[Round "1.14"]
[White "Budil Vaclav"]
[Black "Hozda Max"]
[Result "0-1"]
[TimeControl "20+5"]
[WhiteFideId "23776226"]
[BlackFideId "23725958"]
[WhiteElo "1697"]
[BlackElo "1939"]

1. e4 Nf6 2. Nc3 d5 3. e5 Nfd7 4. d4 c5 5. Nxd5 cxd4 6.
Nf3 Qa5+ 7. c3 Qxd5 8. cxd4 Nc6 9. Be3 e6 10. Qc2 Bb4+ 0-1



[ePGN "0.1;DGT LiveChess/2.2.6"]

[Event "MČR juniorů a juniorek v rapid šachu 2024"]
[Site "Hotel Fit Fun, Harrachov, Czech Republic"]
[Date "2024.09.21"]
[Round "1.15"]
[White "Rybackova Lucie"]
[Black "Pes Matej"]
[Result "1-0"]
[TimeControl "20+5"]
[WhiteFideId "23739207"]
[BlackFideId "23766816"]
[WhiteElo "1933"]
[BlackElo "1697"]

1. d4 Nf6 2. Nf3 g6 3. g3 Bg7 4. Bg2 O-O 5. O-O d6 6. b3 c5 7. Bb2 Qc7 8. c4 Nbd7 9. Nc3 a6 10.
Rc1 cxd4 11. Nxd4 e5 12. Nc2 Nb6 13. Ne3 Be6 14. Ba3 Rfd8 15. Ncd5 Bxd5 16. cxd5 Qe7 17. Qd2 Rac8 18. Qb4 Rxc1 19.
Rxc1 Nc8 20. Nc4 Ng4 21. f3 Qg5 22. fxg4 1-0



[ePGN "0.1;DGT LiveChess/2.2.6"]

[Event "MČR juniorů a juniorek v rapid šachu 2024"]
[Site "Hotel Fit Fun, Harrachov, Czech Republic"]
[Date "2024.09.21"]
[Round "1.16"]
[White "Housa Vojtech"]
[Black "Garabik Marek"]
[Result "1-0"]
[TimeControl "20+5"]
[WhiteFideId "23736364"]
[BlackFideId "23717742"]
[WhiteElo "1691"]
[BlackElo "1933"]

1. e4 e6 2. d4 d5 3.
exd5 exd5 4. Bd3 Nc6 5. c3 Bd6 6. Nf3 Nge7 7. O-O Bg4 8. h3 Bh5 9. Re1 Qd7 10. Nbd2 f6 11.
Nf1 O-O-O 12. Ng3 Bg6 13. b4 Bxd3 14. Qxd3 g5 15. a4 h5 16. Ba3 g4 17. b5 Na5 18. Bxd6 Qxd6 19. Nf5 Nxf5 20.
Qxf5+ Qd7 21. Nh4 Rhg8 22. hxg4 hxg4 23. Qxd7+ Rxd7 24. Nf5 Rh8 25. Re7 Kd8 26. Rxd7+ Kxd7 27. Re1 Rh7 28. Ne3 c6 29. Nxg4 Rf7 30. Rb1 Kc7 31. Nh6 Rf8 32.
Nf5 Nc4 33. bxc6 bxc6 34. Re1 a5 35. Re7+ Kb6 36. Ng7 Nb2 37. Ne6 Rh8 38. Nc5 Rf8 39. Rb7# 1-0



[ePGN "0.1;DGT LiveChess/2.2.6"]

[Event "MČR juniorů a juniorek v rapid šachu 2024"]
[Site "Hotel Fit Fun, Harrachov, Czech Republic"]
[Date "2024.09.21"]
[Round "1.17"]
[White "Sichrovsky Tomas"]
[Black "Marxova Sarka"]
[Result "1-0"]
[TimeControl "20+5"]
[WhiteFideId "23704730"]
[BlackFideId "23701862"]
[WhiteElo "1928"]
[BlackElo "1684"]

1. d4 d5 2. c4 e6 3.
Nc3 Nf6 4. cxd5 exd5 5. Bg5 Be7 6.
e3 c6 7. Bd3 Be6 8. Nge2 O-O 9.
O-O Nbd7 10. Qc2 h6 11. Bh4 Ng4 12. Bg3 Nb6 13. Rae1 Bd6 14. h3 Bxg3 15. Nxg3 Nf6 16. f3 Qd6 17. Nge2 Rfe8 18. e4 dxe4 19. fxe4 Qc7 20. Nf4 Rad8 21. e5 Nfd5 22. Nxe6 Rxe6 23.
Bf5 Ree8 24. e6 fxe6 25. Bxe6+ Kh8 26. Nxd5 Nxd5 27. Bxd5 Qa5 28. Rxe8+ Rxe8 29. Bf3 Qxa2 30. Qf5 Qxb2 31.
d5 Qd4+ 32. Kh1 cxd5 33. Bxd5 b6 34. Bc6 Re5 35. Qf8+ Kh7 36. Be8 Qd3 37. Ba4 Qd5 38. Bc2+ Re4 39. Bxe4+ Qxe4 40. Qf5+ Qxf5 41.
Rxf5 Kg6 42. g4 a5 43. Rb5 a4 44. Rxb6+ Kf7 45. Ra6 1-0



[ePGN "0.1;DGT LiveChess/2.2.6"]

[Event "MČR juniorů a juniorek v rapid šachu 2024"]
[Site "Hotel Fit Fun, Harrachov, Czech Republic"]
[Date "2024.09.21"]
[Round "1.18"]
[White "Jun Robert"]
[Black "Stejskal Michal"]
[Result "1-0"]
[TimeControl "20+5"]
[WhiteFideId "23709510"]
[BlackFideId "398195"]
[WhiteElo "1681"]
[BlackElo "1926"]

1. e4 e6 2. d4 d5 3. exd5 exd5 4. c4 c6 5. Nc3 Nf6 6. Nf3 Be7 7. cxd5 Nxd5 8. Bc4 O-O 9. O-O Nxc3 10. bxc3 Bf6 11. Re1 c5 12.
Ba3 Nd7 13. Qb3 a6 14. dxc5 Qc7 15. c6 bxc6 16. Bxf7+ Kh8 17. Bxf8 Nxf8 18. Re8 Bb7 19. Rae1 Rxe8 20. Rxe8 Be7 21.
Qe6 Bd6 22. Ne5 Qb6 23. Ng6+ 1-0



[ePGN "0.1;DGT LiveChess/2.2.6"]

[Event "MČR juniorů a juniorek v rapid šachu 2024"]
[Site "Hotel Fit Fun, Harrachov, Czech Republic"]
[Date "2024.09.21"]
[Round "1.19"]
[White "Bartak Josef"]
[Black "Vyslysel Petr"]
[Result "1-0"]
[TimeControl "20+5"]
[WhiteFideId "23712252"]
[BlackFideId "23730277"]
[WhiteElo "1902"]
[BlackElo "1678"]

1. e4 e5 2. Nf3 Nf6 3.
Nc3 Nc6 4. d4 exd4 5. Nxd4 Bb4 6. Nxc6 bxc6 7.
Bd3 O-O 8. O-O d5 9. exd5 Bg4 10. f3 Bh5 11. Bg5 Bxc3 12. bxc3 cxd5 13. Qd2 c6 14. Rab1 Qd6 15. Rb7 Qc5+ 16.
Be3 Qa5 17. Bd4 Ne8 18. Qe3 Nd6 19. Qe5 1-0



[ePGN "0.1;DGT LiveChess/2.2.6"]

[Event "MČR juniorů a juniorek v rapid šachu 2024"]
[Site "Hotel Fit Fun, Harrachov, Czech Republic"]
[Date "2024.09.21"]
[Round "1.2"]
[White "Sulcova Tereza Radmila"]
[Black "Hak David"]
[Result "0-1"]
[TimeControl "20+5"]
[WhiteFideId "395196"]
[BlackFideId "377007"]
[WhiteElo "1800"]
[BlackElo "2103"]

1. e4 c5 2. c4 Nc6 3. Nc3 g6 4. g3 Bg7 5. Bg2 d6 6. Nge2 e5 7. O-O Nge7 8. d3 O-O 9. Rb1 Be6 10.
Be3 Nd4 11. b4 b6 12. f4 Bg4 13. h3 exf4 14. Bxf4 Be6 15. Qd2 Qd7 16. Kh2 Rae8 17. Rf2 f5 18. Rbf1 cxb4 19. Nd5 Nxe2 20.
Rxe2 fxe4 21. Nxe7+ Rxe7 22. Qxb4 exd3 23. Rd2 Ref7 24. Re1 Be5 25. Bh6 Rc8 26. Rxd3 Rxc4 27. Qa3 Qc7 28. Ree3 Rc2 29. Kh1 Rxg2 30. Kxg2 Qc2+ 31. Kg1 Qf2+ 32. Kh1 Qf1+ 33. Kh2 Rf2# 0-1



[ePGN "0.1;DGT LiveChess/2.2.6"]

[Event "MČR juniorů a juniorek v rapid šachu 2024"]
[Site "Hotel Fit Fun, Harrachov, Czech Republic"]
[Date "2024.09.21"]
[Round "1.20"]
[White "Vratil Tomas"]
[Black "Pejrimovsky Tadeas Rubel"]
[Result "0-1"]
[TimeControl "20+5"]
[WhiteFideId "23756870"]
[BlackFideId "23709537"]
[WhiteElo "1671"]
[BlackElo "1895"]

1. e4 c5 2. c3 Nf6 3. e5 Nd5 4.
d4 cxd4 5. cxd4 Nc6 6. Nf3 d6 7. Bc4 Nb6 8. Bb3 Bg4 9. exd6 Qxd6 10. Bxf7+ Kxf7 11. Ng5+ Ke8 12. Qxg4 Nxd4 13. Na3 Qb4+ 14.
Kf1 e5 15. Nf3 Nxf3 16. Qxf3 Qd4 17. Nc2 Qc5 18. Ne3 Be7 19. g3 Rf8 20. Qe2 Qc6 21. Rg1 Rd8 22. Bd2 Nd5 23. Rc1 Nxe3+ 24. Bxe3 Qd5 25. Bxa7 Bg5 26. Re1 Bf6 27. Qh5+ g6 28. Qxh7 Qc4+ 29. Kg2 Qd5+ 30. f3 Qd2+ 31. Bf2 Qg5 32. Qxb7 Rd2 33. Qc6+ Kf7 34.
Qc4+ Kg7 35. Qg4 Qh6 36. Kh1 Rxf2 37. Qd7+ Rf7 38. Qd3 Qxh2# 0-1



[ePGN "0.1;DGT LiveChess/2.2.6"]

[Event "MČR juniorů a juniorek v rapid šachu 2024"]
[Site "Hotel Fit Fun, Harrachov, Czech Republic"]
[Date "2024.09.21"]
[Round "1.21"]
[White "Mikolas Petr"]
[Black "Jun Rostislav"]
[Result "1-0"]
[TimeControl "20+5"]
[WhiteFideId "23713224"]
[BlackFideId "23719524"]
[WhiteElo "1892"]
[BlackElo "1641"]

1. e4 c5 2. Nf3 Nc6 3. d4 cxd4 4. Nxd4 Nf6 5. Nc3 e5 6. Ndb5 d6 7. Bg5 a6 8. Na3 b5 9. Nd5 Be7 10.
Bxf6 Bxf6 11. c3 O-O 12. Nc2 Bb7 13. a4 bxa4 14. Rxa4 a5 15. Nce3 Bg5 16. Nc4 Ba6 17. h4 Be7 18.
Nxe7+ Nxe7 19. Qxd6 Qxd6 20. Nxd6 Bxf1 21. Rxf1 Rfd8 22. Nc4 f6 23. Rxa5 Nc6 24. Rxa8 Rxa8 25. Kd2 Rd8+ 26. Kc2 Rc8 27. b3 Ra8 28.
b4 Rc8 29. Kb3 Rb8 30. Rd1 Kf8 31. Rd7 Ne7 32. Nd6 Nc6 33. Rf7+ Kg8 34. Rc7 Nd8 35. Rc8 1-0



[ePGN "0.1;DGT LiveChess/2.2.6"]

[Event "MČR juniorů a juniorek v rapid šachu 2024"]
[Site "Hotel Fit Fun, Harrachov, Czech Republic"]
[Date "2024.09.21"]
[Round "1.22"]
[White "Slivova Linda"]
[Black "Zadrapova Amalie"]
[Result "0-1"]
[TimeControl "20+5"]
[WhiteFideId "23709294"]
[BlackFideId "23710276"]
[WhiteElo "1630"]
[BlackElo "1891"]

1. e4 c5 2. Nc3 Nc6 3. g3 g6 4. Bg2 Bg7 5. d3 Rb8 6. Be3 d6 7. Qd2 b5 8. Nge2 b4 9. Nd1 Nd4 10.
O-O e6 11. f4 Ne7 12. Nxd4 cxd4 13. Bf2 O-O 14. Re1 Qc7 15. g4 f5 16. exf5 gxf5 17. g5 Ng6 18. Bg3 e5 19. Re2 Bb7 20. Bxb7 Qxb7 21. Nf2 exf4 22.
Bxf4 Nh4 0-1



[ePGN "0.1;DGT LiveChess/2.2.6"]

[Event "MČR juniorů a juniorek v rapid šachu 2024"]
[Site "Hotel Fit Fun, Harrachov, Czech Republic"]
[Date "2024.09.21"]
[Round "1.23"]
[White "Markina Sofiia"]
[Black "Plzak David"]
[Result "1-0"]
[TimeControl "20+5"]
[WhiteFideId "23744014"]
[BlackFideId "23776234"]
[WhiteElo "1885"]
[BlackElo "1625"]

1. e4 c5 2. Nc3 e6 3. Nf3 Nc6 4. Bb5 Nd4 5. Ba4 a6 6. Bb3 Ne7 7. Ne2 Nxb3 8. axb3 Nc6 9. d4 cxd4 10.
Nexd4 Bc5 11. Be3 Qb6 12. c3 O-O 13. b4 Bxd4 14. Nxd4 Qc7 15. O-O d6 16. Nb5 Qe7 17. Nxd6 Rd8 18. Bc5 Qg5 19. f4 Qg6 20. e5 Rb8 21.
Bb6 Rf8 22. Rf3 Ne7 23. Rg3 Qh6 24. Qg4 Nd5 25. Be3 f5 26. Qf3 Bd7 27. c4 Nxb4 28. Bc5 Rfd8 29. Bxb4 Bc6 30. Qe3 1-0



[ePGN "0.1;DGT LiveChess/2.2.6"]

[Event "MČR juniorů a juniorek v rapid šachu 2024"]
[Site "Hotel Fit Fun, Harrachov, Czech Republic"]
[Date "2024.09.21"]
[Round "1.24"]
[White "Dufkova Tereza"]
[Black "Koranda Kosma"]
[Result "0-1"]
[TimeControl "20+5"]
[WhiteFideId "23744383"]
[BlackFideId "23772948"]
[WhiteElo "1601"]
[BlackElo "1884"]

1. e4 e5 2. Nf3 Nc6 3. d4 exd4 4. Nxd4 Nf6 5. Nc3 Bb4 6. Bg5 h6 7. Nxc6 bxc6 8. Bxf6 Qxf6 9. Qd3 Ba6 10.
Qg3 Bxf1 11. Rxf1 O-O 12. O-O-O d6 13. Rfe1 Rab8 14. Rd3 Rfe8 15. Ree3 Qe6 16. a3 Bxc3 17. Rxc3 Rb6 18. Qh4 Reb8 19.
b3 a5 20. Rg3 a4 21. Kb2 Qe5 22. Ka2 Qe6 23. f4 axb3+ 24. cxb3 Qxe4 25. Qxh6 Qe2+ 26. Kb1 Rxb3+ 27. Rxb3 Rxb3+ 28. Kc1 Rc3+ 29. Kb1 Qc2+ 30. Ka1 Qc1+ 31. Ka2 Rc2+ 32. Kb3 Qb2+ 33. Ka4 Qb5# 0-1



[ePGN "0.1;DGT LiveChess/2.2.6"]

[Event "MČR juniorů a juniorek v rapid šachu 2024"]
[Site "Hotel Fit Fun, Harrachov, Czech Republic"]
[Date "2024.09.21"]
[Round "1.25"]
[White "Pejrimovska Viola Ruby"]
[Black "Vondra Filip"]
[Result "1-0"]
[TimeControl "20+5"]
[WhiteFideId "23709529"]
[BlackFideId "23725176"]
[WhiteElo "1876"]
[BlackElo "1598"]

1. e4 c6 2. d4 d5 3. e5 Bf5 4. h4 h5 5. Ne2 e6 6.
Ng3 Bh7 7. c4 c5 8. Nc3 Bg6 9. cxd5 exd5 10. Bb5+ Nc6 11. Bg5 Be7 12. Qa4 Rc8 13. f4 a6 14. Bxc6+ Rxc6 15. dxc5 b5 16.
cxb6 Qxb6 17. Nxd5 Bb4+ 18. Nxb4 Qe3+ 19. Ne2 1-0



[ePGN "0.1;DGT LiveChess/2.2.6"]

[Event "MČR juniorů a juniorek v rapid šachu 2024"]
[Site "Hotel Fit Fun, Harrachov, Czech Republic"]
[Date "2024.09.21"]
[Round "1.26"]
[White "Macova Marketa"]
[Black "Siles Jan"]
[Result "0-1"]
[TimeControl "20+5"]
[WhiteFideId "23715588"]
[BlackFideId "23715405"]
[WhiteElo "1587"]
[BlackElo "1873"]

1. e4 c5 2. Nf3 d6 3. d4 cxd4 4. Nxd4 Nf6 5. Nc3 Nc6 6. Be3 Ng4 7. Qd2 Nxe3 8. Qxe3 g6 9. Bb5 Bd7 10. O-O Bg7 11. Nxc6 bxc6 12. Bc4 O-O 13.
Rad1 Qa5 14. Rd3 Qb4 15. Bb3 a5 16. a3 Qb7 17. Qg5 Bf6 18. Qg3 Bxc3 19. Rxc3 a4 20. Bc4 Qxb2 21. Rd1 Bg4 22.
Re1 Be6 23. Bxe6 fxe6 24. Rxc6 Rab8 25. h3 Qd4 26. Rc7 Rf7 27. Kh1 Qb6 28. Rc4 Rxf2 29. Qh4 Rbf8 30. Kh2 d5 31. exd5 Qd6+ 32.
Qg3 exd5 33. Rxa4 Rxc2 34. Rd4 Rff2 35. Qxd6 Rxg2+ 36. Kh1 exd6 37. Rxd5 Rh2+ 38. Kg1 Rxh3 39. Rxd6 Rg3+ 40. Kf1 Rc7 41. Ra1 Rh3 42. Ke2 Rc2+ 43.
Kd1 Rg2 44. Re6 Rh1+ 45. Re1 Rxe1+ 46. Kxe1 Rg1+ 0-1



[ePGN "0.1;DGT LiveChess/2.2.6"]

[Event "MČR juniorů a juniorek v rapid šachu 2024"]
[Site "Hotel Fit Fun, Harrachov, Czech Republic"]
[Date "2024.09.21"]
[Round "1.27"]
[White "Stary Simon"]
[Black "Taborska Aneta"]
[Result "1-0"]
[TimeControl "20+5"]
[WhiteFideId "23734353"]
[BlackFideId "23733039"]
[WhiteElo "1866"]
[BlackElo "1582"]

1. e4 c6 2. d4 d5 3. e5 Bf5 4. Nf3 e6 5. Be2 Ne7 6. O-O Nc8 7. Be3 Be7 8. Nbd2 O-O 9. Ne1 Nb6 10.
a4 a5 11. g4 Bg6 12. f4 f5 13. g5 Qc7 14. Nd3 Nc4 15. Nxc4 dxc4 16. Nc5 Bxc5 17. dxc5 Rd8 18. Qe1 Na6 19.
Bxc4 Bf7 20. c3 Qe7 21. Qf2 Nc7 22. Rad1 Rxd1 23. Rxd1 Bh5 24. Rd6 Rd8 25. Qh4 Bf3 26. Qg3 Be4 27.
h4 Qf7 28. Rxd8+ 1-0



[ePGN "0.1;DGT LiveChess/2.2.6"]

[Event "MČR juniorů a juniorek v rapid šachu 2024"]
[Site "Hotel Fit Fun, Harrachov, Czech Republic"]
[Date "2024.09.21"]
[Round "1.28"]
[White "Hudik Martin"]
[Black "Husa Daniel"]
[Result "0-1"]
[TimeControl "20+5"]
[WhiteFideId "23769947"]
[BlackFideId "393487"]
[WhiteElo "1572"]
[BlackElo "1866"]

1. e4 c5 2. Nf3 e6 3. c4 Nc6 4. Nc3 Nge7 5. d4 cxd4 6. Nxd4 a6 7. Be3 Ng6 8. Be2 Be7 9. O-O O-O 10.
Rc1 Bf6 11. f4 d6 12. Nxc6 bxc6 13. Qe1 Rb8 14. b3 c5 15. Bd3 Bb7 16. Nd1 Bc6 17. Nf2 Qb6 18. Ng4 Bd4 19. Bxd4 cxd4 20.
Kh1 h5 21. Nf2 Nxf4 22. Bb1 e5 23. Nd3 Ne6 24. Qe2 g6 25. Rf2 Ng5 26. Nb2 Qb7 27. Re1 Kg7 28. h4 Ne6 29. Nd3 Nc5 30.
Nxc5 dxc5 31. g4 hxg4 32. Qxg4 Qd7 33. Qg3 Qe7 34. h5 Rh8 35. Rh2 Rh6 36. Bd3 Rbh8 37. Qg4 Rxh5 0-1



[ePGN "0.1;DGT LiveChess/2.2.6"]

[Event "MČR juniorů a juniorek v rapid šachu 2024"]
[Site "Hotel Fit Fun, Harrachov, Czech Republic"]
[Date "2024.09.21"]
[Round "1.29"]
[White "Hosova Sandra"]
[Black "Hyam Robin"]
[Result "1-0"]
[TimeControl "20+5"]
[WhiteFideId "397717"]
[BlackFideId "23773413"]
[WhiteElo "1847"]
[BlackElo "1571"]

1. d4 f5 2. Nc3 Nf6 3. Bf4 e6 4. e3 Bb4 5. Nge2 b6 6.
a3 Bxc3+ 7. Nxc3 Bb7 8. Be2 O-O 9. Bf3 Bxf3 10. Qxf3 c6 11. Bd6 Rf7 12. h3 Ne8 13. Bf4 d5 14.
g4 Nd6 15. Rg1 Ne4 16. Ne2 Nd7 17. Ng3 Nf8 18. gxf5 exf5 19. Qh5 g6 20. Nxf5 Rxf5 21. Qxf5 Qf6 22. Qxf6 Nxf6 23. h4 Nh5 24. Bh6 Ne6 25. Ke2 Nd8 26.
Rac1 Nf7 27. Bg5 h6 28. Be7 Kh7 29. Bb4 Re8 30. Kd2 a5 31. Bc3 Nf6 32. f3 Nd6 33. Rce1 b5 34. Kd3 a4 35. Rg2 Nf5 36. Rh2 Nd7 37.
e4 dxe4+ 38. fxe4 Ng7 39. Rg1 Nh5 40. Bd2 Ndf6 41. e5 Nd5 42. c4 Nc7 43. Rhg2 Re6 44. cxb5 cxb5 45. Rc1 Nd5 46. Rf2 Re7 47. Rc5 Nc7 48.
Rf8 Ne6 49. Rfc8 Nxc5+ 50. Rxc5 Rb7 51. d5 Ng7 52. Ke4 Nf5 53. d6 Ng3+ 54. Kd5 Nf5 55.
Rc7+ Rxc7 56. dxc7 Kg7 57. c8=Q Ne7+ 58. Kc5 Nxc8 59. Kxb5 Ne7 60. Kxa4 Nc6 61.
e6 h5 62. Bg5 Nd4 63. e7 Kf7 64. Kb4 Nc6+ 65. Kc5 Nxe7 66. a4 Nf5 67. a5 Ke6 68. a6 Nd6 69. a7 Nc8 70. a8=Q 1-0



[ePGN "0.1;DGT LiveChess/2.2.6"]

[Event "MČR juniorů a juniorek v rapid šachu 2024"]
[Site "Hotel Fit Fun, Harrachov, Czech Republic"]
[Date "2024.09.21"]
[Round "1.3"]
[White "Steinbauer Sebastian"]
[Black "Stara Zuzana"]
[Result "1-0"]
[TimeControl "20+5"]
[WhiteFideId "399272"]
[BlackFideId "23733543"]
[WhiteElo "2062"]
[BlackElo "1796"]

1. e4 c6 2. d4 d5 3. exd5 cxd5 4. c3 Bf5 5. Nf3 Nc6 6. Bb5 a6 7. Bxc6+ bxc6 8. Qa4 Qb6 9. O-O e6 10.
Re1 Bd6 11. Ne5 Bxe5 12. Rxe5 Ne7 13. Nd2 O-O 14. Nb3 Ng6 15. Re1 Qc7 16. Nc5 Rfe8 17. Qd1 e5 18. dxe5 Rxe5 19. Be3 Qe7 20.
Qd2 Re8 21. Nxa6 Nf4 22. Nb4 Bd7 23. Nd3 Nxd3 24. Qxd3 Bf5 25. Qf1 Bg6 26. Bd2 Rxe1 27. Rxe1 Qd7 28. Rxe8+ Qxe8 29. Qe1 Qxe1+ 30. Bxe1 Kf8 31. Bd2 Ke7 32. Be3 Kd6 33. b4 Bd3 34. a4 Bc2 35. a5 Bd3 36. Bd4 g6 37. f3 Bb5 38. Kf2 Ke6 39.
Kg3 Kf5 40. Kf2 Ke6 41. Ke3 f6 42. Ba7 Bc4 43. Bb8 Bb5 44. Kd4 Kd7 45. Kc5 Kc8 46. Bd6 Kd7 47. Bg3 f5 48. Kb6 g5 49. a6 1-0



[ePGN "0.1;DGT LiveChess/2.2.6"]

[Event "MČR juniorů a juniorek v rapid šachu 2024"]
[Site "Hotel Fit Fun, Harrachov, Czech Republic"]
[Date "2024.09.21"]
[Round "1.30"]
[White "Musil Tomas"]
[Black "Martinkovic Adam"]
[Result "1/2-1/2"]
[TimeControl "20+5"]
[WhiteFideId "23762888"]
[BlackFideId "23728019"]
[WhiteElo "1519"]
[BlackElo "1841"]

1. e4 c6 2. Nf3 d5 3. e5 Bf5 4. d4 e6 5. Nc3 c5 6. Be3 Nd7 7. Bd3 Bxd3 8. Qxd3 Qb6 9. Qb5 a6 10.
Qxb6 Nxb6 11. dxc5 Nd7 12. Na4 Rc8 13. b4 Ne7 14. O-O Nc6 15. c3 Ncxe5 16. Nxe5 Nxe5 17. Nb6 Rc6 18. Rfd1 Be7 19.
Bd4 Bf6 20. f4 Ng4 21. h3 Bxd4+ 22. cxd4 Nf6 23. Kf2 Nd7 24. Nxd7 Kxd7 25. a4 Rcc8 26. b5 axb5 27. axb5 Ra8 28.
b6 Kc6 29. Ke3 h6 30. g4 f6 31. f5 e5 32. Ra7 Rxa7 33. bxa7 Ra8 34. Ra1 Kc7 1/2-1/2



[ePGN "0.1;DGT LiveChess/2.2.6"]

[Event "MČR juniorů a juniorek v rapid šachu 2024"]
[Site "Hotel Fit Fun, Harrachov, Czech Republic"]
[Date "2024.09.21"]
[Round "1.31"]
[White "Urbansky Stepan"]
[Black "Kopecka Libuse"]
[Result "1-0"]
[TimeControl "20+5"]
[WhiteFideId "23761741"]
[BlackFideId "23748826"]
[WhiteElo "1837"]
[BlackElo "1496"]

1. e4 c5 2. Nf3 Nc6 3. d4 cxd4 4. Nxd4 d6 5. Nc3 g6 6. Be3 Bg7 7. Qd2 Nf6 8. f3 O-O 9. O-O-O a5 10.
g4 h6 11. Nxc6 bxc6 12. Bxh6 a4 13. h4 c5 14. h5 gxh5 15. gxh5 a3 16. b3 Qd7 17. Qg5 Ne8 18. Bxg7 Nxg7 19.
h6 1-0



[ePGN "0.1;DGT LiveChess/2.2.6"]